 Dungeon Crawl Stone Soup version 0.19-a0-1223-gf83d13a (webtiles) character file.

296606 PurpleRed the Sorcerer (level 19, -5/93 HPs)
             Began as a Deep Elf Conjurer on Aug 21, 2016.
             Was the Champion of Vehumet.
             Shot with a bolt by a yaktaur captain (40 damage)
             ... on level 5 of the Vaults on Aug 24, 2016.
             The game lasted 04:49:29 (13769 turns).

PurpleRed the Sorcerer (Deep Elf Conjurer)         Turns: 13769, Time: 04:49:29

Health: -5/93      AC:  9    Str:  7    XL:     19   Next: 66%
Magic:  22/56      EV: 20    Int: 35    God:    Vehumet [******]
Gold:   303        SH:  6    Dex: 23    Spells: 14 memorised, 9 levels left

rFire  + + +     SeeInvis .     U - staff of fire
rCold  x . .     Gourm    .     X - +1 robe of Gidoe {rElec MP+9 Str-3 Dex+8}
rNeg   . . .     Faith    .     M - +0 buckler
rPois  +         Spirit   .     y - +0 helmet
rElec  +         Dismiss  .     R - +1 cloak {MR+}
rCorr  +         Reflect  .     s - +2 pair of gloves "Sasosipi" {*Confuse +Fly rPois Str+5}
MR     ++...     Harm     .     (no boots)
Stlth  +++.......               L - amulet of magic regeneration
                                i - ring "Cigutuff" {rCorr *Drain +Inv rF+}
                                j - ring of Epiazopo {rC+ Int+6}

@: immune to fire clouds
A: frail 1, poison resistance
a: Renounce Religion, Evoke Invisibility, Evoke Flight
}: 3/15 runes: decaying, slimy, gossamer


You were on level 5 of the Vaults.
You worshipped Vehumet.
Vehumet was exalted by your worship.
You were hungry.

You visited 9 branches of the dungeon, and saw 44 of its levels.
You also visited: Labyrinth.

You collected 2608 gold pieces.
You spent 2305 gold pieces at shops.

Inventory:

Hand Weapons
 Q - the +11 mace of Teun {crush, *Corrode rElec MP+9}
   (You found it in a labyrinth)

   It inflicts extra damage upon your enemies.
   It insulates you from electricity.
   It affects your magic capacity (+9).
   It may corrode you when you take damage.
 T - a +4 short sword of distortion
Armour
 s - the +2 pair of gloves "Sasosipi" (worn) {*Confuse +Fly rPois Str+5}
   (You found it on level 5 of the Dungeon)

   It affects your strength (+5).
   It protects you from poison.
   It lets you fly.
   It may confuse you when you take damage.
 y - a +0 helmet (worn)
 A - a troll hide {Snorg}
 E - a +0 robe of resistance
 M - a +0 buckler (worn)
 R - a +1 cloak of magic resistance (worn)
 X - the +1 robe of Gidoe (worn) {rElec MP+9 Str-3 Dex+8}
   (You bought it in a shop on level 2 of the Orcish Mines)

   It affects your strength (-3).
   It affects your dexterity (+8).
   It insulates you from electricity.
   It affects your magic capacity (+9).
Magical Staves
 u - an uncursed staff of earth
 v - an uncursed staff of power
 U - an uncursed staff of fire (weapon)
 Y - an uncursed staff of conjuration
Rods
 t - a +9 rod of ignition (10/10)
   (You found it on level 6 of the Lair of Beasts)
Jewellery
 a - an uncursed ring of protection from fire
 g - a cursed amulet of inaccuracy {unknown}
 i - the ring "Cigutuff" (right hand) {rCorr *Drain +Inv rF+}
   (You took it off a deep elf death mage on level 3 of the Elven Halls)

   [ring of resist corrosion]

   It protects you from fire.
   It lets you turn invisible.
   It causes draining when unequipped.
 j - the ring of Epiazopo (left hand) {rC+ Int+6}
   (You found it on level 6 of the Lair of Beasts)

   [ring of protection from cold]

   It affects your intelligence (+6).
   It protects you from cold.
 k - an uncursed ring of fire
 L - an amulet of magic regeneration (around neck)
 S - an uncursed amulet of dismissal {unknown}
 Z - a +4 amulet of reflection {unknown}
Wands
 p - a wand of heal wounds (5/9)
Scrolls
 x - 9 scrolls of remove curse
 D - a scroll of magic mapping
 I - 3 scrolls of teleportation
 N - 3 scrolls of recharging
 O - a scroll of fog
Potions
 d - 3 potions of lignification
 h - a potion of cure mutation
 l - 2 potions of ambrosia
 m - 7 potions of curing
 q - 6 potions of agility
 r - 4 potions of might
 z - a potion of magic
 G - 2 potions of mutation {unknown}
 K - a potion of cancellation
Miscellaneous
 W - a phial of floods
Comestibles
 c - 19 bread rations
 f - 7 meat rations
 o - a slice of pizza
 w - a beef jerky
 H - 2 chunks of flesh


   Skills:
 - Level 6.4 Fighting
 - Level 9.0 Dodging
 - Level 2.4 Stealth
 - Level 4.3 Shields
 + Level 22.0 Spellcasting
 - Level 20.1 Conjurations
 - Level 8.5 Charms
 + Level 8.3 Translocations
 - Level 20.3 Fire Magic
 - Level 2.5 Evocations


You had 9 spell levels left.
You knew the following spells:

 Your Spells              Type           Power        Failure   Level  Hunger
a - Magic Dart            Conj           ####         0%          1    None
b - Searing Ray           Conj           ######       0%          2    None
c - Iskenderun's Mystic   Conj           ########     0%          4    None
d - Iskenderun's Battles  Conj/Chrm      #######.     1%          5    None
e - Fireball              Conj/Fire      #########.   0%          5    None
f - Fire Storm            Conj/Fire      #########.   4%          9    #####..
g - Passage of Golubria   Tloc           N/A          1%          4    None
h - Passwall              Tmut/Erth      #####.....   1%          2    None
i - Ring of Flames        Chrm/Fire      ########..   1%          7    None
j - Delayed Fireball      Conj/Fire      N/A          1%          7    None
k - Repel Missiles        Chrm/Air       ######       1%          2    None
l - Bolt of Fire          Conj/Fire      #########.   1%          6    None
m - Blink                 Tloc           N/A          1%          2    None
n - Sublimation of Blood  Necr           #####.....   1%          2    None


Dungeon Overview and Level Annotations

Branches:
Dungeon (14/15)            Temple (1/1) D:7            Lair (6/6) D:10
  Swamp (4/4) Lair:4       Spider (4/4) Lair:2        Slime (5/5) Lair:6
    Orc (2/2) D:11            Elf (3/3) Orc:2        Vaults (5/5) D:13
  Crypt (0/3) Vaults:2

Altars:
Ashenzari
Dithmenos
Elyvilon
Hepliaklqana
Makhleb
Okawaru
Qazlal
Ru
Sif Muna
Uskayaw
Vehumet
Xom
Yredelemnul
Zin
Jiyva

Shops:
D:10 }   D:14 :=   Orc:2 }*=[(   Vaults:4 (

Annotations:
D:6 Pikel


Innate Abilities, Weirdness & Mutations

You are immune to clouds of flame.
You are frail. (-10% HP)
Your system is resistant to poisons. (rPois)


Message History

The ettin is engulfed in roaring flames.
The yaktaur captain unwields an uncursed vampiric morningstar.
The yaktaur captain wields an arbalest.
The yaktaur captain shoots a bolt.
The bolt hits you!!
* * * LOW HITPOINT WARNING * * *
You see here a bolt.
Evoke which item? (* to show all) (? for menu, Esc to quit)
Zapping:
p - a wand of heal wounds (6/9)
Press: ? - help, Shift-Dir - straight line, f - you You feel much better.
This wand has 5 charges left.
The ettin is engulfed in roaring flames.
The ettin is engulfed in roaring flames.
The ettin is engulfed in roaring flames.
The ettin is engulfed in roaring flames.
The ettin is engulfed in roaring flames.
You kill the ettin!
Vehumet accepts your kill.
You feel your power returning.
The yaktaur captain shoots a bolt.
The bolt hits you!!!
You die...

######################
.......§§§§§..........
.......@.§§§§........
###########§..c....#
#........#
#...#....#..
......##....# .....#
#....# .....# #....#
..... #..}.# .....
#....#


You could see a yaktaur captain.

Vanquished Creatures
  the Royal Jelly (Slime:5)
  An ancient lich (Vaults:5)
  Nikola (Spider:4)
  A golden dragon (Vaults:5)
  3 tentacled monstrosities (Vaults:5)
  19 acid blobs
  3 quicksilver dragons (Vaults:5)
  A deep elf blademaster (Elf:3)
  A deep elf master archer (Elf:3)
  2 thorn hunters
  3 tengu reavers (Vaults:5)
  2 shadow dragons (Vaults:5)
  A fire giant (Vaults:5)
  13 azure jellies (Slime:5)
  2 ghost moths (Spider:4)
  2 deep elf sorcerers (Elf:3)
  4 vault wardens
  2 orc warlords (Orc:1)
  4 deep elf elementalists (Elf:3)
  2 emperor scorpions
  3 stone giants
  A war gargoyle (Vaults:5)
  3 ironheart preservers
  An entropy weaver (Spider:3)
  A very ugly thing (Vaults:5)
  Azrael (D:13)
  3 deep elf demonologists
  5 deep elf annihilators (Elf:3)
  4 ettins (Vaults:5)
  3 spark wasps
  The ghost of alcopop the Cruncher, a journeyman FoFi of Okawaru (Orc:1)
  8 death oozes
  A fire dragon (Vaults:4)
  Snorg (Lair:3)
  A minotaur (Lab)
  The ghost of NervFog the Spear-Bearer, a journeyman MfMo of Okawaru (D:13)
  6 deep elf death magi
  2 deep elf high priests (Elf:3)
  4 yaktaur captains
  2 great orbs of eyes (Slime:5)
  6 ogre magi
  A catoblepas (Lair:6)
  12 hydras
  2 ghost crabs (Swamp:4)
  24 vault guards (Vaults:5)
  A death knight (Vaults:5)
  3 centaur warriors
  An anaconda (Lair:6)
  3 death yaks (Lair:6)
  5 alligators
  2 dancing weapons
  4 deep elf knights
  4 skeletal warriors (D:14)
  2 spriggan druids
  An unseen horror (D:12)
  6 swamp dragons (Swamp:4)
  3 shambling mangroves
  3 ironbrand convokers
  3 wizards (D:13)
  3 deep elf archers
  5 orc knights
  An anubis guard (shapeshifter) (Vaults:5)
  A phantasmal warrior (Vaults:5)
  An orb spider (shapeshifter) (D:11)
  11 orb spiders
  5 hill giants
  10 deep elf magi
  22 ugly things
  3 griffons
  2 hornets (shapeshifter) (Vaults:4)
  4 orc sorcerers
  18 wolf spiders
  6 shining eyes
  7 hornets
  A cyclops (Orc:2)
  6 elephants (Lair:6)
  2 centaur zombies (D:11)
  A moth of wrath (Spider:4)
  3 black mambas (Lair:2)
  13 spiny frogs
  4 vault sentinels
  A torpor snail (Spider:2)
  3 centaur skeletons
  2 eyes of devastation (Slime:4)
  A rime drake (Swamp:4)
  8 demonic crawlers
  2 freezing wraiths
  3 komodo dragons
  A komodo dragon (shapeshifter) (Vaults:4)
  9 yaktaurs
  A polar bear (Lair:4)
  9 trolls
  2 tengu conjurers (D:13)
  A queen bee (Spider:3)
  36 jumping spiders
  3 meliai (Spider:3)
  A jumping spider (shapeshifter) (Vaults:5)
  A hornet zombie (D:13)
  19 two-headed ogres
  8 blink frogs
  A boulder beetle (Vaults:3)
  A bog body (Swamp:4)
  Prince Ribbit (D:7)
  A raiju (shapeshifter) (Vaults:3)
  47 slime creatures
  20 tarantellas
  2 air elementals
  A shadow (Swamp:3)
  3 spriggans
  3 wraiths
  51 redbacks
  2 water elementals
  14 yaks
  2 fire elementals (D:13)
  16 vampire mosquitoes
  2 hippogriffs
  9 wargs
  2 soldier ants
  17 swamp worms
  4 hell hounds
  A swamp worm (shapeshifter) (Vaults:5)
  9 water moccasins
  10 porcupines
  8 swamp drakes
  4 sky beasts
  2 ice beasts
  24 orc warriors
  A black bear (Lair:4)
  4 eyes of draining
  A phantom (D:7)
  8 wasps
  3 wolves (Lair:4)
  A centaur (D:14)
  40 ogres
  3 crocodiles
  A big kobold (D:10)
  11 giant frogs
  A gnoll sergeant (Orc:1)
  5 scorpions
  4 wights (D:7)
  22 killer bees
  A water moccasin skeleton (D:5)
  2 electric eels
  4 howler monkeys
  6 crimson imps
  2 giant frog zombies
  3 hounds
  A jelly (D:5)
  16 orc wizards
  11 orc priests
  A giant frog skeleton (D:8)
  An iguana (Lair:3)
  A hell rat (Lair:2)
  8 worker ants
  20 sheep
  2 hound skeletons
  A worker ant zombie (D:7)
  8 gnolls
  6 adders
  16 river rats
  4 shadow imps
  A dart slug (D:3)
  5 giant geckos
  62 orcs
  A giant cockroach (D:8)
  4 goblins
  3 hobgoblins
  3 jackals (D:8)
  4 quokkas
  4 giant newts
  5 kobolds
  13 rats
  A bush (Lair:6)
  3 crawling corpses (Elf:3)
  2 fungi (Lair:6)
  5 plants
1038 creatures vanquished.

Vanquished Creatures (collateral kills)
  2 vault wardens
  An ironheart preserver (Vaults:4)
  An orc knight (Vaults:2)
  An ugly thing (Vaults:4)
5 creatures vanquished.

Vanquished Creatures (others)
  An orc knight (Vaults:3)
  An orc priest (Orc:1)
  A worker ant (D:13)
  A kobold (D:12)
  57 fire vortices
  4 fungi
  29 plants
94 creatures vanquished.

Grand Total: 1137 creatures vanquished

Notes
Turn   | Place    | Note
-------+----------+-------------------------------------------
     0 | D:1      | PurpleRed the Deep Elf Conjurer began the quest for the Orb.
     0 | D:1      | Reached XP level 1. HP: 10/10 MP: 6/6
   100 | D:3      | Reached XP level 2. HP: 14/15 MP: 5/8
   104 | D:3      | Learned a level 2 spell: Searing Ray
   122 | D:3      | Found a shattered altar of Ashenzari.
   183 | D:3      | Reached skill level 5 in Conjurations
   183 | D:3      | Reached XP level 3. HP: 18/19 MP: 5/10
   246 | D:3      | Reached skill level 4 in Spellcasting
   269 | D:4      | Reached XP level 4. HP: 18/24 MP: 4/12
   419 | D:4      | Noticed an ogre
   425 | D:4      | Killed an ogre
   425 | D:4      | Reached skill level 5 in Spellcasting
   425 | D:4      | Reached XP level 5. HP: 24/28 MP: 8/14
   433 | D:4      | Found a shimmering altar of Xom.
   433 | D:4      | Found a shimmering altar of Xom.
   434 | D:4      | Found a shimmering altar of Xom.
   434 | D:4      | Found a shimmering altar of Xom.
   434 | D:4      | Found a shimmering altar of Xom.
   434 | D:4      | Found a shimmering altar of Xom.
   434 | D:4      | Noticed an ogre
   451 | D:4      | Killed an ogre
   451 | D:4      | Reached XP level 6. HP: 3/32 MP: 6/16
   459 | D:5      | Entered Level 5 of the Dungeon
   533 | D:4      | Found a white marble altar of Elyvilon.
   545 | D:4      | Noticed a moth of wrath
   676 | D:5      | Got a pair of ancient gloves
   682 | D:5      | Identified the +2 pair of gloves "Sasosipi" {*Confuse +Fly rPois Str+5} (You found it on level 5 of the Dungeon)
   732 | D:5      | Reached skill level 6 in Spellcasting
   742 | D:5      | Learned a level 4 spell: Iskenderun's Mystic Blast
   748 | D:5      | Learned a level 5 spell: Iskenderun's Battlesphere
   753 | D:5      | Found a burning altar of Makhleb.
   855 | D:5      | Reached skill level 1 in Charms
   855 | D:5      | Reached XP level 7. HP: 13/36 MP: 1/18
   934 | D:5      | Found a glowing silver altar of Zin.
  1069 | D:5      | Found a deep blue altar of Sif Muna.
  1231 | D:6      | Reached skill level 7 in Spellcasting
  1234 | D:6      | Noticed Pikel
  1262 | D:6      | Reached XP level 8. HP: 13/41 MP: 6/20
  1520 | D:7      | Reached skill level 5 in Charms
  1693 | D:7      | Reached skill level 8 in Spellcasting
  1693 | D:7      | Reached skill level 10 in Conjurations
  1909 | D:7      | Reached XP level 9. HP: 40/45 MP: 11/23
  1925 | D:7      | Noticed Prince Ribbit
  1931 | D:7      | Killed Prince Ribbit
  1947 | D:7      | Found a staircase to the Ecumenical Temple.
  1955 | Temple   | Entered the Ecumenical Temple
  1996 | Temple   | Became a worshipper of Vehumet
  2252 | D:8      | Reached skill level 9 in Spellcasting
  2359 | D:9      | Learned a level 2 spell: Repel Missiles
  2543 | D:10     | Entered Level 10 of the Dungeon
  2643 | D:10     | Noticed a hill giant
  2659 | D:10     | Killed a hill giant
  2659 | D:10     | Reached * piety under Vehumet
  2659 | D:10     | Offered knowledge of Shock by Vehumet.
  2659 | D:10     | Reached skill level 10 in Spellcasting
  2703 | D:10     | Noticed a troll
  2710 | D:10     | Killed a troll
  2772 | D:10     | Found Tiecull's Gadget Shoppe.
  2801 | D:10     | Reached XP level 10. HP: 39/50 MP: 18/26
  2911 | D:10     | Found a staircase to the Lair.
  2963 | Lair:1   | Entered Level 1 of the Lair of Beasts
  3000 | Lair:2   | Noticed a spiny frog
  3003 | Lair:2   | Noticed a black mamba
  3004 | Lair:2   | Killed a spiny frog
  3005 | Lair:2   | Noticed a black mamba
  3096 | D:10     | Noticed a hill giant
  3172 | D:10     | Killed a hill giant
  3215 | D:11     | Reached skill level 11 in Spellcasting
  3438 | D:11     | Noticed an orb spider
  3446 | D:11     | Killed an orb spider
  3506 | D:11     | Found a staircase to the Orcish Mines.
  3695 | Lair:2   | Killed a black mamba
  3695 | Lair:2   | Reached skill level 12 in Spellcasting
  3695 | Lair:2   | Reached XP level 11. HP: 29/54 MP: 16/29
  3706 | Lair:2   | Reached ** piety under Vehumet
  3727 | Lair:2   | Found a hole to the Spider Nest.
  3736 | Lair:2   | Offered knowledge of Sandblast by Vehumet.
  3959 | Lair:3   | Noticed Snorg
  4072 | Lair:3   | Noticed a five-headed hydra
  4164 | Lair:3   | Offered knowledge of Static Discharge by Vehumet.
  4166 | Lair:3   | Found a labyrinth entrance.
  4174 | Lab      | Entered a labyrinth
  4179 | Lab      | Learned a level 3 spell: Conjure Flame
  4368 | Lab      | Noticed a minotaur
  4378 | Lab      | Killed a minotaur
  4378 | Lab      | Reached skill level 15 in Conjurations
  4378 | Lab      | Reached skill level 1 in Fire Magic
  4397 | Lab      | Got an iridescent mace
  4416 | Lab      | Identified a +3 rod of ignition (9/9) (You found it in a labyrinth)
  4417 | Lab      | Identified a +2 rod of ignition (13/13) (You found it in a labyrinth)
  4418 | Lab      | Identified a +0 rod of shadows (14/14) (You found it in a labyrinth)
  4419 | Lab      | Identified the +11 mace of Teun {crush, *Corrode rElec MP+9} (You found it in a labyrinth)
  4427 | Lab      | Upgraded the game from 0.19-a0-1207-g69d5fc3 to 0.19-a0-1216-g363869b
  4449 | Lair:3   | Killed a five-headed hydra
  4449 | Lair:3   | Reached skill level 13 in Spellcasting
  4540 | Lair:3   | Reached *** piety under Vehumet
  4721 | Lair:5   | Noticed a griffon
  4729 | Lair:5   | Killed a griffon
  4729 | Lair:5   | Reached skill level 5 in Fire Magic
  4791 | Lair:5   | Offered knowledge of Olgreb's Toxic Radiance by Vehumet.
  4823 | Lair:6   | Entered Level 6 of the Lair of Beasts
  4928 | Lair:6   | Noticed a catoblepas
  4933 | Lair:6   | Killed a catoblepas
  4933 | Lair:6   | Reached XP level 12. HP: 53/59 MP: 29/31
  5134 | Lair:6   | Noticed an anaconda
  5137 | Lair:6   | Killed an anaconda
  5144 | Lair:6   | Noticed a dire elephant
  5156 | Lair:6   | Learned a level 4 spell: Passage of Golubria
  5161 | Lair:6   | Noticed a dire elephant
  5161 | Lair:6   | Noticed a dire elephant
  5196 | Lair:6   | Got a faintly glowing tin ring
  5201 | Lair:6   | Found a staircase to the Slime Pits.
  5201 | Lair:6   | Found a viscous altar of Jiyva.
  5201 | Lair:6   | Noticed a death yak
  5204 | Lair:6   | Noticed a death yak
  5204 | Lair:6   | Noticed a death yak
  5237 | Lair:6   | Identified the ring of Epiazopo {rC+ Int+6} (You found it on level 6 of the Lair of Beasts)
  5238 | Lair:6   | Identified a +9 rod of ignition (10/10) (You found it on level 6 of the Lair of Beasts)
  5266 | Lair:6   | Killed a death yak
  5266 | Lair:6   | Reached skill level 14 in Spellcasting
  5269 | Lair:6   | Killed a death yak
  5277 | Lair:6   | Killed a death yak
  5277 | Lair:6   | Reached **** piety under Vehumet
  5358 | Lair:4   | Noticed a six-headed hydra
  5367 | Lair:4   | Killed a six-headed hydra
  5374 | Lair:4   | Offered knowledge of Ignite Poison by Vehumet.
  5496 | Lair:2   | Reached skill level 1 in Translocations
  5637 | Orc:1    | Entered Level 1 of the Orcish Mines
  5767 | Orc:1    | Noticed alcopop's ghost (journeyman FoFi)
  5905 | D:13     | Noticed a centaur warrior
  5983 | D:12     | Reached ***** piety under Vehumet
  6036 | D:12     | Offered knowledge of Ozocubu's Refrigeration by Vehumet.
  6125 | D:12     | Reached XP level 13. HP: 39/63 MP: 8/33
  6201 | D:12     | Reached skill level 10 in Fire Magic
  6294 | D:13     | Noticed NervFog's ghost (journeyman MfMo)
  6299 | D:13     | Reached skill level 15 in Spellcasting
  6407 | Orc:1    | Killed alcopop's ghost
  6502 | Orc:1    | Noticed an orc warlord
  6566 | Orc:1    | Killed an orc warlord
  6633 | Orc:1    | Noticed an orc warlord
  6666 | Orc:1    | Killed an orc warlord
  6666 | Orc:1    | Reached skill level 1 in Fighting
  6695 | Orc:1    | Reached skill level 5 in Dodging
  7118 | Orc:2    | Entered Level 2 of the Orcish Mines
  7174 | Orc:2    | Found a staircase to the Elven Halls.
  7198 | Orc:2    | Found Sicvax's Gadget Shop.
  7372 | Orc:2    | Offered knowledge of Yara's Violent Unravelling by Vehumet.
  7419 | Orc:2    | Reached skill level 16 in Spellcasting
  7530 | Orc:2    | Found Ococuqen's Antique Weapon Shoppe.
  7530 | Orc:2    | Found Qaduomm's Jewellery Shop.
  7566 | Orc:2    | Reached XP level 14. HP: 74/74 MP: 23/36
  7589 | Orc:2    | Found Kitay's General Store.
  7589 | Orc:2    | Found Jafuthou's Antique Armour Shop.
  7626 | Orc:2    | Bought a ripped robe for 142 gold pieces
  7636 | Orc:2    | Identified the cursed +1 robe of Gidoe {rElec MP+9 Str-3 Dex+8} (You bought it in a shop on level 2 of the Orcish Mines)
  7637 | Orc:2    | Bought an uncursed staff of conjuration for 350 gold pieces
  7637 | Orc:2    | Bought a potion of might for 56 gold pieces
  7637 | Orc:2    | Bought a potion of curing for 42 gold pieces
  7638 | Orc:2    | Bought an uncursed ring of resist corrosion for 280 gold pieces
  7638 | Orc:2    | Upgraded the game from 0.19-a0-1216-g363869b to 0.19-a0-1223-gf83d13a
  7706 | Elf:1    | Entered Level 1 of the Elven Halls
  7728 | Elf:1    | Learned a level 2 spell: Passwall
  7878 | Elf:3    | Entered Level 3 of the Elven Halls
  7893 | Elf:3    | Noticed a deep elf elementalist
  7897 | Elf:3    | Killed a deep elf elementalist
  7978 | Elf:3    | Noticed a deep elf elementalist
  7979 | Elf:3    | Noticed a deep elf blademaster
  7983 | Elf:3    | Killed a deep elf elementalist
  7986 | Elf:3    | Noticed a deep elf sorcerer
  8132 | Elf:3    | Noticed a deep elf sorcerer
  8138 | Elf:3    | Killed a deep elf sorcerer
  8175 | Elf:3    | Noticed a deep elf master archer
  8192 | Elf:3    | Reached skill level 5 in Fighting
  8344 | Elf:3    | Noticed a deep elf elementalist
  8352 | Elf:3    | Killed a deep elf elementalist
  8358 | Elf:3    | Noticed a deep elf blademaster
  8364 | Elf:3    | Killed a deep elf blademaster
  8366 | Elf:3    | Reached skill level 17 in Spellcasting
  8570 | Elf:3    | Got a warped great mace {holy}
  8591 | Elf:3    | Killed a deep elf master archer
  8612 | Elf:3    | Identified the +8 great mace "Biun" {holy, rC- rN++ MR+ Stlth+} (You took it off a deep elf death mage on level 3 of the Elven Halls)
  8751 | Elf:3    | Noticed a deep elf sorcerer
  8754 | Elf:3    | Killed a deep elf sorcerer
  8754 | Elf:3    | Reached XP level 15. HP: 79/84 MP: 38/38
  8771 | Elf:3    | Offered knowledge of Conjure Ball Lightning by Vehumet.
  8838 | Elf:3    | Got a fine war axe {holy}
  8838 | Elf:3    | Got a pitted iron ring
  8844 | Elf:3    | Got a heavily runed leather armour
  8846 | Elf:3    | Gained mutation: Your system is resistant to poisons. (rPois) [potion of beneficial mutation]
  8853 | Elf:3    | Identified the Tome of Fascination
  8866 | Elf:3    | Identified the ring "Cigutuff" {rCorr *Drain +Inv rF+} (You took it off a deep elf death mage on level 3 of the Elven Halls)
  8868 | Elf:3    | Got a pair of smoking gloves
  8880 | Elf:3    | Identified the +2 pair of gloves "Omehyur" {*Confuse +Fly rCorr Str-3} (You found it on level 3 of the Elven Halls)
  8880 | Elf:3    | Lost strength.
  8897 | Elf:3    | Identified the +1 war axe of Spontaneous Combustion {holy, Dex+3} (You took it off a deep elf death mage on level 3 of the Elven Halls)
  8928 | Elf:3    | Identified the Incunabulum of the Volcanoes and Attacks
  8934 | Elf:3    | Identified Varaecku's Collected Works on the Glacier and Combat Magic
  8974 | Elf:3    | Identified the +2 leather armour "Sutiseurch" {+Blink rF- Str+10 Int-4} (You took it off a deep elf death mage on level 3 of the Elven Halls)
  8986 | Elf:3    | Identified a scroll of acquirement
  8996 | Elf:3    | Learned a level 7 spell: Ring of Flames
  9004 | Elf:3    | Learned a level 7 spell: Delayed Fireball
  9010 | Elf:3    | Learned a level 5 spell: Fireball
  9017 | Elf:3    | Learned a level 6 spell: Bolt of Fire
  9053 | Elf:1    | Learned a level 2 spell: Blink
  9166 | Lair:4   | Found a staircase to the Swamp.
  9186 | Swamp:1  | Entered Level 1 of the Swamp
  9251 | Swamp:1  | Reached skill level 1 in Evocations
  9334 | Swamp:2  | Noticed a thorn hunter
  9336 | Swamp:2  | Killed a thorn hunter
  9381 | Swamp:3  | Reached skill level 1 in Shields
  9480 | Swamp:3  | Reached skill level 18 in Spellcasting
  9609 | Swamp:4  | Entered Level 4 of the Swamp
  9813 | Swamp:4  | Offered knowledge of Freezing Cloud by Vehumet.
 10016 | Swamp:4  | Noticed a thorn hunter
 10018 | Swamp:4  | Killed a thorn hunter
 10032 | Swamp:4  | Got a decaying rune of Zot
 10153 | Lair:3   | Killed Snorg
 10204 | Spider:1 | Entered Level 1 of the Spider Nest
 10211 | Spider:1 | Reached ****** piety under Vehumet
 10214 | Spider:1 | Reached XP level 16. HP: 84/90 MP: 40/40
 10537 | Spider:4 | Entered Level 4 of the Spider Nest
 10541 | Spider:4 | Noticed Nikola
 10629 | Spider:3 | Offered knowledge of Poison Arrow by Vehumet.
 10983 | Spider:3 | Reached skill level 15 in Fire Magic
 11039 | Spider:4 | Killed Nikola
 11186 | Spider:4 | Offered knowledge of Bolt of Cold by Vehumet.
 11645 | Spider:4 | Reached XP level 17. HP: 78/94 MP: 41/41
 11660 | Spider:4 | Got a gossamer rune of Zot
 11894 | Slime:1  | Entered Level 1 of the Pits of Slime
 11894 | Slime:1  | Noticed an acid blob
 11897 | Slime:1  | Killed an acid blob
 11898 | Slime:1  | Noticed an acid blob
 11900 | Slime:1  | Killed an acid blob
 11901 | Slime:1  | Noticed an acid blob
 11903 | Slime:1  | Noticed an acid blob
 11903 | Slime:1  | Killed an acid blob
 11905 | Slime:1  | Killed an acid blob
 11954 | Slime:1  | Offered knowledge of Poisonous Cloud by Vehumet.
 11979 | Slime:3  | Noticed an acid blob
 11981 | Slime:3  | Killed an acid blob
 11989 | Slime:3  | Noticed an acid blob
 11991 | Slime:3  | Killed an acid blob
 12028 | Slime:4  | Gained mutation: You are frail. (-10% HP) [a shining eye]
 12034 | Slime:4  | Noticed an acid blob
 12037 | Slime:4  | Killed an acid blob
 12038 | Slime:4  | Noticed an acid blob
 12040 | Slime:4  | Killed an acid blob
 12122 | Slime:5  | Entered Level 5 of the Pits of Slime
 12129 | Slime:5  | Noticed an acid blob
 12134 | Slime:5  | Killed an acid blob
 12142 | Slime:5  | Noticed an acid blob
 12145 | Slime:5  | Killed an acid blob
 12249 | Slime:5  | Noticed an acid blob
 12259 | Slime:5  | Noticed an acid blob
 12260 | Slime:5  | Killed an acid blob
 12260 | Slime:5  | Killed an acid blob
 12262 | Slime:5  | Noticed an acid blob
 12296 | Slime:5  | Noticed the Royal Jelly
 12299 | Slime:5  | Noticed an acid blob
 12300 | Slime:5  | Noticed an acid blob
 12304 | Slime:5  | Killed an acid blob
 12304 | Slime:5  | Noticed an acid blob
 12304 | Slime:5  | Noticed an acid blob
 12305 | Slime:5  | Noticed an acid blob
 12308 | Slime:5  | Killed an acid blob
 12309 | Slime:5  | Killed an acid blob
 12309 | Slime:5  | Killed the Royal Jelly
 12310 | Slime:5  | Killed an acid blob
 12312 | Slime:5  | Killed an acid blob
 12316 | Slime:5  | Killed an acid blob
 12390 | Slime:5  | Noticed an acid blob
 12392 | Slime:5  | Killed an acid blob
 12411 | Slime:5  | Got a distressingly furry robe
 12435 | Slime:5  | Reached XP level 18. HP: 90/90 MP: 42/42
 12460 | Slime:5  | Got a brightly glowing hand axe
 12477 | Slime:5  | Identified the +5 hand axe "Nutag" {venom, rF+ Int+4} (You found it on level 5 of the Pits of Slime)
 12484 | Slime:5  | Learned a level 2 spell: Sublimation of Blood
 12502 | Slime:5  | Got a slimy rune of Zot
 12633 | Lair:6   | Identified the +2 robe of Knowledge {rF+} (You found it on level 5 of the Pits of Slime)
 12791 | D:13     | Reached skill level 19 in Spellcasting
 12803 | D:13     | Killed NervFog's ghost
 12833 | D:13     | Offered knowledge of Lehudib's Crystal Spear by Vehumet.
 12833 | D:13     | Offered knowledge of Shatter by Vehumet.
 12833 | D:13     | Offered knowledge of Tornado by Vehumet.
 12838 | D:13     | Noticed Azrael
 12849 | D:13     | Killed Azrael
 13019 | D:14     | Reached skill level 5 in Translocations
 13071 | D:14     | Found Suureock's Jewellery Emporium.
 13078 | D:14     | Found Zeqero's Book Shoppe.
 13086 | D:14     | Bought a book of Annihilations for 1435 gold pieces
 13102 | D:14     | Learned a level 9 spell: Fire Storm
 13156 | D:13     | Found a gate to the Vaults.
 13163 | Vaults:1 | Entered Level 1 of the Vaults
 13451 | Vaults:4 | Reached skill level 20 in Spellcasting
 13644 | Vaults:4 | Found Aplu's Antique Weapon Shoppe.
 13687 | Vaults:5 | Entered Level 5 of the Vaults
 13697 | Vaults:5 | Reached XP level 19. HP: 93/93 MP: 45/45
 13706 | Vaults:5 | Reached skill level 21 in Spellcasting
 13716 | Vaults:5 | Killed an ancient lich
 13718 | Vaults:5 | Noticed a golden dragon
 13720 | Vaults:5 | Killed a golden dragon
 13761 | Vaults:5 | Reached skill level 22 in Spellcasting
 13769 | Vaults:5 | Shot with a bolt by a yaktaur captain

Vault maps used:
D:1:      minmay_arrival_jagged, minmay_rat_gold_closets
D:2:      uniq_iyjb
D:3:      evilmike_ruin_ashenzari, old_standard_altar,
          lemuel_zombie_altar_kikubaaqudgha, uniq_robin
D:4:      kennysheep_mini_moat, tgw_trog, xom_redecorated
D:5:      kennysheep_little_box, kennysheep_mini, basic_altar, first_bread
D:6:      hangedman_decor_points, supply_closet_lemuel, grunt_decor_one_mirror,
          minivault_19, minmay_lizard_king, uniq_pikel
D:7:      grunt_livestock, uniq_prince_ribbit1, uniq_menkaure,
          uniq_crazy_yiuf_cottage
D:8:      nicolae_overflow_quartered_altars, kennysheep_generic_room_16
D:9:      overflow_temple_1_default, basic_altar
D:10:     minmay_lair_entry_lava, serial_shops, nicolae_shop_behind_doors,
          uniq_maurice
D:11:     regret_index_wax_grids, orc_0_dummy
D:12:     lemuel_ice_spiral_2
D:13:     david_vaults_1, enter_bailey_2, st_stairs_14, nrook_mini_backslash,
          uniq_azrael
D:14:     hangedman_abyss_or_decor_clamps, serial_shops,
          nicolae_shop_statue_plus, nicolae_shop_crystal, shop, shop
Temple:   jpeg_temple_island
Lair:1:   tgw_fedhas, uniq_harold, uniq_joseph
Lair:2:   kennysheep_abandoned_house, spider_nest_entry_a, basic_altar
Lair:3:   lab_entry_generic, hangedman_lair_unloving_vines, beast_lair_carwin_5,
          uniq_snorg
Lair:4:   nicolae_swamp_entry_splash_gauntlet, grunt_forest_stairs_clearing
Lair:5:   grunt_megastairs_1
Lair:6:   due_jungle_book, slime_altar_1, portal_ice_cave_entry_imps,
          nicolae_quartered_pool_little, grunt_forest_large_clearings
Swamp:1:  evilmike_swamp_ruin_wall, uniq_josephine
Swamp:2:  evilmike_swamp_ruin_rubble_1
Swamp:3:  infiniplex_staircase_pool, uniq_aizul
Swamp:4:  swamp_alternative
Spider:2: spiders_nest_scorpion_pit, nicolae_spider_ant_collections
Spider:3: nicolae_looking_at_the_future
Spider:4: spider_rune_water, nicolae_spider_circle_web, nicolae_crawler_farm,
          uniq_nikola
Slime:1:  cheibrodos_slime_lost_civilization_7
Slime:2:  uniq_dissolution
Orc:1:    minmay_orc_treasury
Orc:2:    st_orc_ogre_mass, serial_shops, shop
Elf:1:    kennysheep_underground_church
Elf:2:    serial_shops, shop, shop, shop
Elf:3:    grunt_elf_hall_spiral, uniq_mara
Vaults:1: ontoclasm_vaults_claustrophobia, st_lattice,
          nicolae_vaults_angled_halls, v_misc_28, grunt_vaults_diagonal,
          vaults_dpeg_encased_lava, v_misc_31, ontoclasm_vaults_loading_screen,
          ontoclasm_vaults_pinch, hangedman_vaults_restitches,
          vaults_dpeg_spiral, v_misc_24, grunt_vaults_funnel, uniq_jorgrun
Vaults:2: v_pattern_4, vaults_room_semicircle, v_misc_18, v_misc_3,
          vaults_room_pool, nicolae_vaults_little_squares_2, st_smaller_cells,
          blue_anna_dwarven_crypt, v_misc_10, uniq_margery
Vaults:3: nicolae_vaults_disjoint_gnomons, nicolae_vaults_triangles,
          hangedman_vaults_locks, nicolae_vaults_network_barrier,
          vaults_room_door_ring, v_pattern_2, nicolae_vaults_angled_halls,
          ontoclasm_vaults_gateway, nicolae_vaults_little_squares_6,
          vaults_mumra_hexcomb, special_room_vaults, serial_shops,
          nicolae_shop_crystal
Vaults:4: v_alt_pattern_1, vaults_mumra_minichess, grunt_vaults_trifunnel,
          nicolae_vaults_ninety_degrees, v_rooms_5, v_rooms_2,
          hangedman_vaults_stagger, nicolae_vaults_little_squares_1,
          stair_cage_open, vaults_room_door_ring, vaults_mumra_lcd,
          ontoclasm_vaults_idyll, nicolae_vaults_asterisk, serial_shops, shop
Vaults:5: serial_shops

Skill      XL: |  1  2  3  4  5  6  7  8  9 10 11 12 13 14 15 16 17 18 19 |
---------------+----------------------------------------------------------+-----
Conjurations   | 5 6 7 9 10 12 14 15 16 17 18 19 20 | 20.1
Spellcasting   | 4 5 6 7 8 10 12 13 14 16 17 18 20 22 | 22.0
Charms         | 1 4 6 8 |  8.5
Fire Magic     | 6 9 10 13 17 20 | 20.3
Translocations | 3 4 6 8 |  8.3
Dodging        | 6 9 |  9.0
Fighting       | 3 6 |  6.4
Evocations     | 2 |  2.5
Shields        | 3 4 |  4.3
Stealth        | |  2.4

Action                   |  1- 3 |  4- 6 |  7- 9 | 10-12 | 13-15 | 16-18 | 19-21 || total
-------------------------+-------+-------+-------+-------+-------+-------+-------++-------
Melee: Battleaxe         |    14 |    12 |       |       |       |       |       ||    26
       Long sword        |       |       |    21 |       |       |       |       ||    21
       Great sword       |       |       |    81 |    71 |       |       |       ||   152
       Mace              |       |       |       |    29 |    15 |    22 |       ||    66
       Staff             |       |       |       |       |     1 |     7 |       ||     8
 Fire: Hunting sling     |     9 |     1 |     7 |       |       |       |       ||    17
 Cast: Magic Dart        |    13 |     4 |    48 |   158 |   246 |    71 |     2 ||   542
       Searing Ray       |     2 |     8 |    32 |    24 |    21 |       |       ||    87
       Iskenderun's Myst |       |     3 |     1 |   100 |   140 |    15 |       ||   259
       Iskenderun's Batt |       |       |    16 |    63 |    78 |    18 |       ||   175
       Repel Missiles    |       |       |     1 |       |     1 |       |       ||     2
       Conjure Flame     |       |       |       |     1 |       |       |       ||     1
       Passage of Golubr |       |       |       |     9 |    47 |    54 |     1 ||   111
       Fireball          |       |       |       |       |    58 |   212 |     3 ||   273
       Bolt of Fire      |       |       |       |       |    26 |    61 |     1 ||    88
       Ring of Flames    |       |       |       |       |     1 |    32 |     3 ||    36
       Delayed Fireball  |       |       |       |       |     1 |     2 |       ||     3
       Passwall          |       |       |       |       |       |    13 |       ||    13
       Fire Storm        |       |       |       |       |       |    19 |    17 ||    36
 Abil: Evoke Flight      |       |       |       |       |     4 |       |       ||     4
       Release Delayed F |       |       |       |       |     1 |     1 |       ||     2
       Evoke Invisibilit |       |       |       |       |       |     5 |       ||     5
       Turn Visible      |       |       |       |       |       |     1 |       ||     1
Evoke: Wand              |       |       |       |     4 |     1 |     2 |     1 ||     8
       Rod               |       |       |       |       |     1 |       |       ||     1
       Phantom mirror    |       |       |       |       |       |     1 |       ||     1
  Use: Scroll            |     1 |     2 |     9 |    12 |    17 |     7 |     1 ||    49
       Potion            |       |       |       |    10 |     3 |     5 |     2 ||    20
 Stab: Sleeping          |     2 |     1 |     4 |     1 |       |       |       ||     8
       Distracted        |       |       |       |     1 |       |       |       ||     1
  Eat: Chunk             |       |       |     9 |     9 |    13 |     8 |     2 ||    41
       Fruit             |       |       |     1 |       |       |       |       ||     1
       Beef jerky        |       |       |       |     2 |     1 |     1 |     1 ||     5
       Pizza             |       |       |       |     2 |     1 |       |       ||     3
       Meat ration       |       |       |       |       |       |     3 |       ||     3
Armor: Robe              |     3 |     2 |    45 |    41 |    17 |    23 |       ||   131
Dodge: Dodged            |    20 |    27 |    94 |   127 |   100 |   151 |       ||   519
       Deflected         |       |       |       |     3 |     8 |     7 |     2 ||    20
Block: Buckler           |       |       |       |       |     1 |    66 |     1 ||    68
